 Dungeon Crawl Stone Soup version 0.29-a0-284-gf9362112df (webtiles) character file.

Game seed: 17775240933034151988

22 jisko22 the Gusty (level 2, 15/15 HPs)
             Began as a Deep Elf Air Elementalist on Mar 30, 2022.
             Was a Plaything of Xom.
             Quit the game on level 1 of the Dungeon.
             The game lasted 00:03:59 (1587 turns).

jisko22 the Gusty (Deep Elf Air Elementalist)       Turns: 1587, Time: 00:03:59

Health: 15/15      AC:  2    Str:  5    XL:     2   Next: 68%
Magic:  8/8        EV: 12    Int: 19    God:    Xom [..*...]
Gold:   60         SH:  0    Dex: 15    Spells: 4/7 levels left

rFire   . . .      SeeInvis .   d - +0 dagger
rCold   . . .      Faith    .   (no shield)
rNeg    . . .      Spirit   .   a - +0 robe
rPois   .          Reflect  .   (no helmet)
rElec   .          Harm     .   (no cloak)
rCorr   .          Rampage  .   (no gloves)
Will    .....                   (no boots)
Stlth   ++........              (no amulet)
HPRegen 0.05/turn               (no ring)
MPRegen 0.11/turn               (no ring)

@: no status effects
A: no striking features
a: Renounce Religion


You were on level 1 of the Dungeon.
You worshipped Xom.
You were a toy of Xom.
You visited 1 branch of the dungeon, and saw 1 of its levels.

You collected 60 gold pieces.

Inventory:

Hand Weapons
 c - a +0 hunting sling
 d - a +0 dagger (weapon)
Missiles
 f - 21 stones
Armour
 a - a +0 robe (worn)
Jewellery
 e - an amulet of regeneration
Scrolls
 j - 2 scrolls of identify {unknown}
Potions
 b - a potion of magic
 g - a potion of brilliance {unknown}
 h - a potion of flight {unknown}
 i - a potion of might {unknown}
 k - a potion of heal wounds {unknown}


   Skills:
 - Level 2.4 Dodging
 - Level 2.4 Stealth
 + Level 3.2 Spellcasting
 * Level 1.5 Conjurations
 * Level 3.7 Air Magic


You had 4 spell levels left.
You knew the following spells:

 Your Spells              Type           Power      Damage    Failure   Level
a - Shock                 Conj/Air       52%        1d6       4%          1
b - Static Discharge      Conj/Air       13%        N/A       8%          2

Your spell library contained the following spells:

 Spells                   Type           Power      Damage    Failure   Level
 Swiftness                Air            17%        N/A       10%         3
 Apportation              Tloc           6%         N/A       16%         1
 Airstrike                Air            8%         N/A       30%         4
 Alistair's Intoxication  Tmut/Pois      2%         N/A       99%         5


Dungeon Overview and Level Annotations

Branches:
Dungeon (1/15)

Altars:
Xom


Message History

You kill the rat!
The zap hits the quokka.
You kill the quokka!
An endoplasm comes into view.
The endoplasm quivers.
The endoplasm attacks as you move away! The endoplasm barely misses you.
The endoplasm attacks as you move away! The endoplasm hits you.
The endoplasm attacks as you move away! The endoplasm closely misses you.
Casting: Shock (safe; 4% risk of failure)
Confirm with . or Enter, or press ? or * to list all spells.
Aiming: Shock (safe; 4% risk of failure)
Press: ? - help, Shift-Dir - straight line The zap hits the endoplasm.
The endoplasm is lightly wounded.
The endoplasm hits you.
Casting: Shock (safe; 4% risk of failure)
Confirm with . or Enter, or press ? or * to list all spells.
Aiming: Shock (safe; 4% risk of failure)
Press: ? - help, Shift-Dir - straight line The zap hits the endoplasm.
The endoplasm is almost dead.
The endoplasm hits you.
Casting: Shock (safe; 4% risk of failure)
Confirm with . or Enter, or press ? or * to list all spells.
Aiming: Shock (safe; 4% risk of failure)
Press: ? - help, Shift-Dir - straight line The zap hits the endoplasm.
You kill the endoplasm!
You start resting.
Magic restored.
You start resting.
HP restored.
You start waiting.
Done waiting.
Okay, then.
Okay, then.
Unknown command.
Unknown command.
Okay, then.
Are you sure you want to abandon this character and quit the game? (Confirm with "yes".)

######### #.......#
#############.......#####
##........................
............†...##........
##.##........##.##.###.###
.#.##........##.##...# #
+#+##.....[..##.@#.#.#
....#........###+#.#...
....#........# ..# #.#
....#........# ... ...
....#........# ..# #.#
.............+ ...# ##
....########## '#########
.#.......#


There were no monsters in sight!

Vanquished Creatures
  4 endoplasms (D:1)
  A giant cockroach (D:1)
  A goblin (D:1)
  2 hobgoblins (D:1)
  A jackal (D:1)
  A kobold (D:1)
  2 quokkas (D:1)
  2 ball pythons (D:1)
  2 bats (D:1)
  A frilled lizard (D:1)
  2 rats (D:1)
19 creatures vanquished.

Notes
Turn   | Place    | Note
-------+----------+-------------------------------------------
     0 | D:1      | jisko22 the Deep Elf Air Elementalist began the quest for
                  | the Orb.
     0 | D:1      | Reached XP level 1. HP: 10/10 MP: 6/6
   268 | D:1      | Found a faded altar of an unknown god.
   495 | D:1      | Reached XP level 2. HP: 15/15 MP: 8/8
   498 | D:1      | Learned a level 2 spell: Static Discharge
  1172 | D:1      | Prayed at the altar of an unknown god.
  1172 | D:1      | Became a worshipper of Xom of Chaos
  1200 | D:1      | XOM: silly message
  1587 | D:1      | Quit the game

Illustrated notes

Levels and vault maps discovered:
D:1:      dpeg_arrival_tiny_d, layout_basic, serial_shops,
          nicolae_shop_behind_doors,
          hellmonk_ecumenical_altar_pennies_from_heaven,
          minmay_indecisive_spiral

Action                   || total
-------------------------++-------
Melee: Dagger            ||     7
 Cast: Shock             ||    42
 Stab: Sleeping          ||     1
Armor: Robe              ||     2
Dodge: Dodged            ||     9

Table legend: (Time is in decaauts)
 A = Elapsed time spent in this place.
 B = Non-inter-level travel time spent in this place.
 C = Inter-level travel time spent in this place.
 D = Time resting spent in this place.
 E = Time spent auto-exploring this place.
 F = Levels seen in this place.
 G = Mean time per level.
                   A        B        C        D        E       F      G
               +--------+--------+--------+--------+--------+-----+--------+
         Total |   1590 |   1590 |      0 |    989 |    384 |   1 | 1590.0 |
       Dungeon |   1590 |   1590 |      0 |    989 |    384 |   1 | 1590.0 |
               +--------+--------+--------+--------+--------+-----+--------+

Top non-repeatable levels by time:
     D:1: 1590 daAuts
